AoeStats
← 虚弱

African Clearing

511044482Analyzed
4v4 RM · 6h ago on Oct 3, 2026· 36m 22s· 8 players
Game mode
Random Map
Map size
Large (8 player)
Population
200
Speed
Normal
Resources
Standard
Victory
Conquest
Starting age
Dark Age
Ending age
Imperial Age
RankedLock teamsTeams togetherTeam positionsShared explorationLock speedFull tech treeHidden civsTurbo modeCheats
Victory
Defeat
🇨🇳 Burmese · China
1524
+10
🇨🇳 Maya · China
1519
+10
🇨🇳 Slavs · China
1392
+15
🇨🇳 Tatars · China
1313
+17
🇭🇰 Burgundians · Hong Kong SAR China
1407
-14
🇺🇸 Hindustanis · United States
1400
-14
🇦🇷 Bulgarians · Argentina
1385
-14
🇺🇸 Mongols · United States
1304
-10
ChefboyRV
3:25 Loom
12:26 Feudal Age
13:20 Double-Bit Axe
15:49 Horse Collar
19:56 Scale Barding Armor
20:01 Forging
21:07 Bloodlines
24:24 Castle Age
25:40 Wheelbarrow
24:56 Light Cavalry
31:02 Husbandry
VZ | TheeChosen
4:38 Loom
14:59 Feudal Age
15:53 Double-Bit Axe
20:47 Castle Age
19:33 Fletching
19:43 Padded Archer Armor
19:29 Horse Collar
21:59 Wheelbarrow
23:48 Bodkin Arrow
24:09 Leather Archer Armor
24:05 Bow Saw
30:47 Ballistics
31:04 Stone Mining
31:04 Gold Mining
34:14 Heavy Plow
34:27 Gold Mining
Lordbaldomero23
4:41 Loom
14:35 Feudal Age
15:22 Double-Bit Axe
19:07 Castle Age
17:36 Scale Barding Armor
17:27 Gold Mining
20:26 Chain Barding Armor
20:19 Bow Saw
28:22 Forging
lok914
3:37 Loom
14:39 Feudal Age
21:41 Castle Age
20:24 Gold Mining
20:19 Horse Collar
20:52 Double-Bit Axe
21:46 Cavalier
22:28 Husbandry
24:42 Forging
30:55 Scale Barding Armor
32:22 Chain Barding Armor
时尚
10:55 Loom
13:06 Feudal Age
17:10 Castle Age
15:23 Double-Bit Axe
15:57 Horse Collar
18:15 Bow Saw
23:33 Heavy Plow
24:25 Wheelbarrow
24:42 Fishing Lines
25:02 Gold Mining
25:27 Gillnets
27:31 Hand Cart
28:09 Gold Shaft Mining
27:24 Stone Mining
31:41 Imperial Age
29:00 Town Watch
29:40 Forging
29:56 Scale Barding Armor
31:00 Iron Casting
30:27 Husbandry
30:38 Bloodlines
31:44 Chain Barding Armor
31:44 Cavalier
33:25 Blast Furnace
33:01 Plate Barding Armor
32:47 Conscription
33:22 Coinage
34:57 Banking
[Fx、]AirDk
3:58 Loom
14:28 Feudal Age
18:07 Castle Age
18:30 Town Watch
19:53 Padded Archer Armor
20:34 Gold Mining
26:00 Stone Mining
33:18 Wheelbarrow
33:12 Fletching
33:05 Horse Collar
33:54 Bodkin Arrow
长相犯罪
5:28 Loom
13:10 Feudal Age
14:12 Double-Bit Axe
20:50 Castle Age
19:33 Gold Mining
20:24 Horse Collar
22:08 Bow Saw
25:38 Heavy Plow
27:58 Fletching
34:07 Padded Archer Armor
虚弱
12:49 Feudal Age
11:14 Loom
16:27 Castle Age
14:52 Double-Bit Axe
15:53 Town Watch
22:08 Fletching
22:21 Horse Collar
26:41 Bodkin Arrow
28:00 Ballistics
28:19 Wheelbarrow
29:51 Padded Archer Armor
35:42 Imperial Age
34:06 Eagle Warrior
34:49 Scale Mail Armor
34:59 Forging
35:07 Gold Mining
35:08 Stone Mining
35:55 Thumb Ring
35:41 Treadmill Crane
36:20 Hand Cart
36:04 Arson
36:19 Squires
36:17 Murder Holes
36:27 Bracer
36:42 Leather Archer Armor
36:55 Conscription
36:10 Elite Eagle Warrior
Connection lost

Rejoining the realm…

Still unreachable

The connection could not be restored.

Session expired

The server has moved on; the page needs a fresh start.